General information
- name: BNet
- type: Ladder team game (AT/RT)
- host: Battle.net
- saver: US-East-Name
map: SunrockCove
- players: 6
- length: 72:46
- speed: Fast
- version: 1.27 W3XP
- replay type:

» download(658 KB)
Players
team 1 (loser)
BLACKBROTHER (
blue | 126 APM | 8876 actions | 70:36)
2 Archmage
1 Summon Water Elemental
1 Brilliance Aura
3 Mountain King
2 Storm Bolt
1 Bash
» actions
| Assign group hotkey | 1174 | |
| Basic commands | 632 | |
| Build / train | 85 | |
| Enter build submenu | 20 | |
| Enter hero's abilities submenu | 5 | |
| Remove unit from queue | 1 | |
| Right click | 4204 | |
| Select / deselect | 586 | |
| Select group hotkey | 2103 | |
| Use ability | 66 | |
8876 total
» units
| Peasant | 15 | |
| Footman | 13 | |
| Rifleman | 5 | |
| Gryphon Rider | 29 | |
| Knight | 3 | |
65 total
» upgrades
| Lumber Harvesting | 1 | |
| Storm Hammers | 1 | |
2 total
» buildings
| Barracks | 1 | |
| Altar of Kings | 1 | |
| Farm | 12 | |
| Blacksmith | 1 | |
| Scout Tower | 3 | |
| Arcane Tower | 2 | |
| Keep | 2 | |
| Lumber Mill | 1 | |
| Castle | 1 | |
| Gryphon Aviary | 2 | |
| Town Hall | 1 | |
| Arcane Vault | 2 | |
| Guard Tower | 1 | |
30 total
» build order
00:09 Barracks
00:15 Altar of Kings
00:20 Farm
00:41 Farm
01:39 Blacksmith
01:45 Scout Tower
02:01 Farm
02:15 Arcane Tower
03:02 Farm
04:01 Keep
04:02 Keep
04:43 Lumber Mill
04:49 Farm
04:50 Farm
06:25 Castle
07:00 Gryphon Aviary
08:43 Gryphon Aviary
08:49 Farm
08:50 Farm
12:29 Farm
12:29 Farm
12:29 Farm
12:30 Farm
19:40 Town Hall
21:37 Scout Tower
22:07 Arcane Tower
29:15 Arcane Vault
30:14 Arcane Vault
31:58 Scout Tower
32:28 Guard Tower
» items
| Scroll of Regeneration | 3 | |
| Orb of Fire | 1 | |
4 total
CBRT (
red | 110 APM | 7969 actions | 72:45)
5 Dark Ranger
3 Black Arrow
2 Life Drain
3 Lich
2 Frost Armor
1 Dark Ritual
» actions
| Assign group hotkey | 67 | |
| Basic commands | 258 | |
| Build / train | 75 | |
| ESC pressed | 1 | |
| Enter build submenu | 20 | |
| Enter hero's abilities submenu | 8 | |
| Remove unit from queue | 1 | |
| Right click | 4636 | |
| Select / deselect | 659 | |
| Select group hotkey | 2076 | |
| Use ability | 166 | |
7969 total
» units
| Acolyte | 8 | |
| Ghoul | 5 | |
| Crypt Fiend | 23 | |
| Meatwagon | 4 | |
| Frost Wyrm | 9 | |
49 total
» upgrades
| Burrow | 1 | |
| Web | 1 | |
| Creature Attack | 1 | |
| Creature Carapace | 1 | |
| Freezing Breath | 1 | |
5 total
» buildings
| Graveyard | 2 | |
| Crypt | 1 | |
| Altar of Darkness | 1 | |
| Ziggurat | 9 | |
| Tomb of Relics | 1 | |
| Nerubian Tower | 1 | |
| Halls of the Dead | 1 | |
| Slaughterhouse | 2 | |
| Sacrificial Pit | 1 | |
| Black Citadel | 2 | |
| Boneyard | 2 | |
23 total
» build order
00:09 Graveyard
00:11 Crypt
00:44 Altar of Darkness
01:00 Ziggurat
01:28 Tomb of Relics
02:03 Ziggurat
03:10 Nerubian Tower
05:29 Halls of the Dead
07:44 Ziggurat
07:47 Ziggurat
08:34 Slaughterhouse
08:36 Slaughterhouse
11:18 Ziggurat
11:35 Ziggurat
12:15 Sacrificial Pit
13:20 Black Citadel
13:21 Black Citadel
20:08 Boneyard
20:14 Ziggurat
20:15 Ziggurat
31:02 Graveyard
31:46 Boneyard
33:38 Ziggurat
» items
| Circlet of Nobility | 1 | |
| Rod of Necromancy | 1 | |
| Potion of Healing | 1 | |
3 total
GrUuUuBiK (
teal | 145 APM | 10253 actions | 70:39)
4 Far Seer
2 Feral Spirit
2 Chain Lighting
4 Shadow Hunter
2 Healing Wave
2 Hex
» actions
| Assign group hotkey | 388 | |
| Basic commands | 625 | |
| Build / train | 150 | |
| ESC pressed | 1 | |
| Enter build submenu | 19 | |
| Enter hero's abilities submenu | 9 | |
| Give item / drop item | 1 | |
| Remove unit from queue | 4 | |
| Right click | 4773 | |
| Select / deselect | 854 | |
| Select group hotkey | 3218 | |
| Use ability | 211 | |
10253 total
» units
| Peon | 19 | |
| Grunt | 5 | |
| Demolisher | 27 | |
| Raider | 10 | |
| Troll Witch Doctor | 6 | |
| Kodo Beast | 1 | |
| Tauren | 4 | |
| Troll Batrider | 23 | |
| Goblin Zeppelin | 2 | |
97 total
» upgrades
| Berserker Strength | 1 | |
| Ranged Weapons | 3 | |
| Armor | 3 | |
| Ensnare | 1 | |
| Witch Doctor Training | 1 | |
| Melee Weapons | 2 | |
| Pillage | 1 | |
| Reinforced Defenses | 1 | |
| Spiked Barricades | 1 | |
| Pulverize | 1 | |
| Liquid Fire | 1 | |
16 total
» buildings
| Altar of Storms | 1 | |
| Orc Burrow | 8 | |
| Barracks | 1 | |
| Stronghold | 1 | |
| Voodoo Lounge | 1 | |
| War Mill | 1 | |
| Beastiary | 1 | |
| Spirit Lodge | 1 | |
| Fortress | 1 | |
| Great Hall | 2 | |
| Tauren Totem | 1 | |
19 total
» build order
00:07 Altar of Storms
00:16 Orc Burrow
00:26 Barracks
01:36 Orc Burrow
03:29 Stronghold
03:32 Voodoo Lounge
04:42 War Mill
06:32 Orc Burrow
08:45 Beastiary
12:05 Spirit Lodge
12:08 Orc Burrow
14:13 Orc Burrow
14:58 Fortress
19:53 Great Hall
20:07 Orc Burrow
25:18 Tauren Totem
41:47 Orc Burrow
41:49 Orc Burrow
43:42 Great Hall
» items
| Healing Salve | 4 | |
| Lesser Clarity Potion | 5 | |
| Scroll of Speed | 2 | |
| Potion of Healing | 4 | |
| Scroll of Town Portal | 2 | |
17 total
team 2 (winner)
BrianGorpbane (
orange | 95 APM | 6895 actions | 72:45)
7 Keeper of the Grove
3 Entangling Roots
1 Thorns Aura
2 Force of Nature
1 Tranquility
6 Goblin Alchemist
3 Chemical Rage
2 Acid Bomb
1 Transmute
» actions
| Assign group hotkey | 65 | |
| Basic commands | 43 | |
| Build / train | 116 | |
| ESC pressed | 3 | |
| Enter build submenu | 22 | |
| Enter hero's abilities submenu | 13 | |
| Give item / drop item | 19 | |
| Remove unit from queue | 5 | |
| Right click | 4767 | |
| Select / deselect | 1033 | |
| Select group hotkey | 374 | |
| Use ability | 425 | |
6895 total
» units
| Wisp | 42 | |
| Chimaera | 3 | |
| Druid of the Talon | 13 | |
58 total
» upgrades
| Ultravision | 1 | |
| Well Spring | 1 | |
| Nature's Blessing | 1 | |
| Strength of the Wild | 3 | |
| Corrosive Breath | 1 | |
| Reinforced Hides | 3 | |
| Druid of the Talon Training | 2 | |
| Mark of the Talon | 1 | |
13 total
» buildings
| Altar of Elders | 2 | |
| Moon Well | 12 | |
| Tree of Ages | 2 | |
| Tree of Life | 2 | |
| Tree of Eternity | 2 | |
| Hunter's Hall | 1 | |
| Ancient of Wonders | 1 | |
| Ancient of Wind | 2 | |
| Chimaera Roost | 2 | |
26 total
» build order
00:07 Altar of Elders
00:08 Moon Well
00:11 Altar of Elders
01:41 Moon Well
04:37 Tree of Ages
04:38 Tree of Ages
04:55 Moon Well
05:43 Tree of Life
06:02 Tree of Life
06:59 Tree of Eternity
06:59 Tree of Eternity
07:15 Hunter's Hall
09:00 Ancient of Wonders
09:55 Moon Well
09:58 Moon Well
11:57 Moon Well
18:36 Ancient of Wind
19:55 Chimaera Roost
19:56 Chimaera Roost
42:07 Moon Well
42:09 Moon Well
42:12 Moon Well
42:13 Moon Well
42:14 Moon Well
42:42 Moon Well
43:49 Ancient of Wind
» items
| Boots of Speed | 2 | |
| Orb of Venom | 1 | |
| Moonstone | 2 | |
| Lesser Clarity Potion | 2 | |
| Staff of Teleportation | 2 | |
| Periapt of Vitality | 2 | |
| Staff of Preservation | 1 | |
| Circlet of Nobility | 1 | |
| Healing Salve | 1 | |
| Orb of Lightning | 1 | |
| Scroll of Town Portal | 1 | |
16 total
myliege_cyrus (
green | 103 APM | 7491 actions | 72:45)
5 Archmage
3 Blizzard
2 Brilliance Aura
6 Blood Mage
3 Flame Strike
2 Siphon Mana
1 Summon Phoenix
6 Pit Lord
3 Rain of Fire
2 Cleaving Attack
1 Doom
» actions
| Assign group hotkey | 399 | |
| Basic commands | 212 | |
| Build / train | 216 | |
| Enter build submenu | 148 | |
| Enter hero's abilities submenu | 17 | |
| Give item / drop item | 8 | |
| Right click | 3217 | |
| Select / deselect | 934 | |
| Select group hotkey | 1752 | |
| Use ability | 585 | |
7491 total
» units
| Peasant | 34 | |
| Goblin Zeppelin | 3 | |
| Footman | 1 | |
| Dragonhawk Rider | 8 | |
46 total
» upgrades
| Masonry | 3 | |
| Lumber Harvesting | 2 | |
| Magic Sentry | 1 | |
| Animal War Training | 1 | |
| Swords | 2 | |
| Armor | 2 | |
11 total
» buildings
| Altar of Kings | 1 | |
| Farm | 11 | |
| Lumber Mill | 2 | |
| Scout Tower | 221 | |
| Arcane Tower | 26 | |
| Guard Tower | 84 | |
| Keep | 2 | |
| Arcane Vault | 2 | |
| Castle | 1 | |
| Arcane Sanctum | 1 | |
| Town Hall | 3 | |
| Gryphon Aviary | 1 | |
| Blacksmith | 1 | |
| Barracks | 1 | |
357 total
» build order
00:04 Altar of Kings
00:20 Farm
00:41 Farm
01:08 Lumber Mill
01:12 Scout Tower
01:16 Scout Tower
01:18 Scout Tower
01:39 Scout Tower
01:41 Arcane Tower
01:41 Arcane Tower
01:41 Arcane Tower
01:41 Arcane Tower
01:45 Arcane Tower
01:46 Arcane Tower
02:01 Scout Tower
02:05 Scout Tower
02:11 Guard Tower
02:11 Guard Tower
02:12 Guard Tower
02:42 Scout Tower
02:43 Guard Tower
02:58 Scout Tower
02:58 Guard Tower
03:18 Scout Tower
03:19 Scout Tower
03:29 Scout Tower
03:30 Scout Tower
03:31 Guard Tower
03:39 Keep
03:40 Guard Tower
03:46 Arcane Vault
03:48 Guard Tower
04:07 Scout Tower
04:08 Scout Tower
04:13 Guard Tower
04:15 Guard Tower
05:38 Guard Tower
05:59 Farm
06:16 Castle
06:17 Arcane Sanctum
06:24 Scout Tower
06:25 Scout Tower
06:27 Scout Tower
07:12 Scout Tower
07:13 Scout Tower
07:21 Guard Tower
07:24 Scout Tower
07:24 Scout Tower
07:25 Scout Tower
07:32 Guard Tower
08:07 Arcane Tower
08:08 Guard Tower
08:09 Guard Tower
08:11 Scout Tower
08:21 Guard Tower
11:07 Scout Tower
11:07 Scout Tower
11:42 Arcane Tower
11:44 Scout Tower
11:57 Town Hall
12:03 Scout Tower
12:03 Scout Tower
12:04 Scout Tower
12:05 Scout Tower
12:05 Scout Tower
12:06 Scout Tower
12:07 Scout Tower
12:07 Scout Tower
12:25 Guard Tower
12:26 Scout Tower
12:27 Scout Tower
12:28 Guard Tower
12:55 Guard Tower
12:59 Scout Tower
13:12 Guard Tower
13:22 Scout Tower
13:23 Scout Tower
13:23 Scout Tower
13:24 Scout Tower
13:47 Arcane Tower
13:47 Guard Tower
13:54 Guard Tower
14:25 Guard Tower
14:52 Guard Tower
14:59 Guard Tower
15:03 Scout Tower
15:03 Scout Tower
15:08 Scout Tower
15:10 Scout Tower
15:11 Scout Tower
15:50 Guard Tower
15:54 Guard Tower
16:04 Guard Tower
16:08 Scout Tower
16:09 Scout Tower
16:09 Scout Tower
16:10 Scout Tower
16:10 Scout Tower
16:11 Scout Tower
16:12 Scout Tower
16:12 Scout Tower
16:27 Scout Tower
16:39 Scout Tower
16:39 Scout Tower
16:42 Scout Tower
16:43 Scout Tower
16:52 Scout Tower
16:57 Guard Tower
17:01 Guard Tower
17:02 Scout Tower
17:02 Scout Tower
17:05 Guard Tower
17:15 Guard Tower
17:23 Arcane Tower
17:26 Scout Tower
17:27 Scout Tower
17:27 Scout Tower
17:28 Scout Tower
17:29 Scout Tower
17:29 Scout Tower
17:30 Scout Tower
17:38 Guard Tower
18:06 Guard Tower
18:08 Scout Tower
18:08 Scout Tower
18:09 Scout Tower
18:09 Scout Tower
18:12 Guard Tower
18:18 Scout Tower
18:19 Scout Tower
18:20 Scout Tower
18:21 Guard Tower
18:27 Scout Tower
18:27 Scout Tower
18:28 Scout Tower
18:28 Scout Tower
18:29 Scout Tower
18:29 Scout Tower
18:32 Scout Tower
18:33 Scout Tower
18:34 Scout Tower
18:34 Scout Tower
18:35 Scout Tower
18:35 Scout Tower
18:36 Scout Tower
18:37 Scout Tower
18:37 Scout Tower
18:53 Guard Tower
19:17 Guard Tower
19:18 Arcane Tower
19:19 Guard Tower
19:41 Guard Tower
19:47 Scout Tower
19:47 Scout Tower
19:49 Scout Tower
19:49 Scout Tower
19:57 Farm
20:01 Guard Tower
20:03 Guard Tower
20:05 Scout Tower
20:07 Scout Tower
20:09 Scout Tower
20:11 Scout Tower
20:47 Guard Tower
20:48 Scout Tower
21:17 Arcane Tower
21:18 Guard Tower
21:42 Guard Tower
21:44 Guard Tower
21:46 Scout Tower
21:47 Scout Tower
22:16 Guard Tower
22:20 Scout Tower
22:22 Scout Tower
22:23 Scout Tower
22:38 Guard Tower
22:44 Scout Tower
22:44 Scout Tower
22:47 Arcane Tower
23:00 Guard Tower
23:25 Guard Tower
23:52 Guard Tower
23:57 Scout Tower
23:58 Scout Tower
24:52 Guard Tower
26:00 Scout Tower
26:02 Scout Tower
26:03 Scout Tower
26:04 Scout Tower
26:54 Guard Tower
26:56 Scout Tower
26:58 Scout Tower
26:59 Scout Tower
27:30 Guard Tower
27:32 Scout Tower
27:34 Scout Tower
27:35 Scout Tower
27:43 Scout Tower
27:45 Scout Tower
27:47 Scout Tower
28:11 Guard Tower
28:16 Guard Tower
28:18 Scout Tower
30:08 Guard Tower
30:17 Scout Tower
30:49 Guard Tower
31:49 Scout Tower
32:51 Guard Tower
33:01 Scout Tower
33:03 Scout Tower
33:04 Scout Tower
33:08 Scout Tower
33:09 Scout Tower
33:09 Scout Tower
33:10 Scout Tower
33:10 Scout Tower
33:11 Scout Tower
33:12 Scout Tower
33:13 Scout Tower
33:13 Scout Tower
33:14 Scout Tower
33:15 Scout Tower
33:16 Scout Tower
33:18 Scout Tower
33:19 Scout Tower
33:19 Scout Tower
33:20 Scout Tower
33:21 Scout Tower
33:21 Scout Tower
33:23 Scout Tower
33:24 Scout Tower
34:12 Town Hall
34:20 Scout Tower
34:20 Scout Tower
34:21 Scout Tower
34:22 Scout Tower
34:24 Scout Tower
34:25 Scout Tower
34:26 Scout Tower
34:27 Scout Tower
34:27 Scout Tower
34:28 Scout Tower
34:28 Scout Tower
34:29 Scout Tower
34:30 Scout Tower
34:46 Guard Tower
35:09 Guard Tower
36:10 Guard Tower
37:15 Guard Tower
38:16 Guard Tower
38:42 Scout Tower
38:47 Guard Tower
38:48 Scout Tower
39:20 Guard Tower
39:27 Scout Tower
39:28 Scout Tower
39:28 Scout Tower
39:29 Scout Tower
39:29 Scout Tower
39:30 Scout Tower
39:30 Scout Tower
41:29 Arcane Tower
41:30 Guard Tower
42:25 Guard Tower
42:28 Scout Tower
42:29 Scout Tower
42:29 Scout Tower
42:30 Scout Tower
42:30 Scout Tower
42:31 Scout Tower
42:33 Scout Tower
42:33 Scout Tower
42:34 Scout Tower
42:35 Scout Tower
42:35 Scout Tower
42:36 Scout Tower
42:37 Scout Tower
42:37 Scout Tower
42:39 Scout Tower
42:43 Scout Tower
42:44 Scout Tower
42:44 Scout Tower
42:45 Scout Tower
42:45 Scout Tower
42:46 Scout Tower
42:47 Scout Tower
42:47 Scout Tower
42:48 Scout Tower
42:48 Scout Tower
42:49 Scout Tower
42:51 Scout Tower
42:51 Scout Tower
42:52 Scout Tower
42:53 Scout Tower
42:53 Scout Tower
42:54 Scout Tower
42:57 Scout Tower
42:58 Scout Tower
43:01 Town Hall
43:07 Gryphon Aviary
43:08 Blacksmith
43:11 Barracks
43:26 Guard Tower
43:47 Arcane Tower
44:11 Guard Tower
44:51 Guard Tower
45:13 Guard Tower
46:02 Arcane Tower
46:45 Guard Tower
46:53 Farm
46:55 Farm
48:02 Arcane Tower
48:04 Guard Tower
48:26 Farm
48:28 Farm
48:29 Farm
48:37 Guard Tower
49:13 Guard Tower
49:14 Guard Tower
50:14 Scout Tower
50:15 Scout Tower
50:24 Farm
50:33 Guard Tower
50:36 Scout Tower
50:37 Scout Tower
51:30 Guard Tower
51:32 Arcane Tower
51:44 Guard Tower
52:04 Guard Tower
52:28 Arcane Vault
52:36 Scout Tower
52:37 Scout Tower
52:39 Scout Tower
52:43 Scout Tower
52:45 Scout Tower
52:48 Scout Tower
52:49 Scout Tower
52:56 Scout Tower
52:57 Scout Tower
53:09 Arcane Tower
53:36 Scout Tower
53:38 Scout Tower
54:22 Arcane Tower
54:24 Guard Tower
54:30 Arcane Tower
54:32 Guard Tower
54:37 Scout Tower
54:40 Scout Tower
58:02 Arcane Tower
58:02 Arcane Tower
58:03 Arcane Tower
58:18 Arcane Tower
63:37 Keep
63:40 Lumber Mill
64:44 Guard Tower
65:04 Farm
» items
| Healing Salve | 6 | |
| Scroll of Speed | 1 | |
| Lesser Clarity Potion | 3 | |
| Boots of Speed | 3 | |
| Staff of Teleportation | 3 | |
| Orb of Lightning | 3 | |
| Staff of Sanctuary | 3 | |
| Moonstone | 1 | |
| Scroll of Town Portal | 1 | |
| Potion of Healing | 2 | |
26 total
US-East-Name (
yellow | 95 APM | 6887 actions | 72:46)
7 Blademaster
3 Wind Walk
2 Critical Strike
1 Bladestorm
1 Mirror Image
» actions
| Assign group hotkey | 19 | |
| Basic commands | 117 | |
| Build / train | 125 | |
| Enter build submenu | 108 | |
| Enter hero's abilities submenu | 7 | |
| Give item / drop item | 12 | |
| Right click | 4555 | |
| Select / deselect | 872 | |
| Select group hotkey | 474 | |
| Use ability | 585 | |
6887 total
» units
| Peon | 17 | |
| Troll Batrider | 33 | |
| Goblin Zeppelin | 2 | |
| Troll Witch Doctor | 1 | |
| Spirit Walker | 1 | |
| Shaman | 1 | |
55 total
» upgrades
| Liquid Fire | 1 | |
| Ranged Weapons | 3 | |
| Reinforced Defenses | 1 | |
| Armor | 3 | |
| Envenomed Spears | 1 | |
| Spiked Barricades | 1 | |
| Ensnare | 1 | |
| War Drums Damage Increase | 1 | |
| Witch Doctor Training | 2 | |
| Spirit Walker Training | 1 | |
15 total
» buildings
| Altar of Storms | 2 | |
| Orc Burrow | 11 | |
| War Mill | 2 | |
| Voodoo Lounge | 5 | |
| Watch Tower | 123 | |
| Stronghold | 4 | |
| Beastiary | 6 | |
| Fortress | 3 | |
| Great Hall | 3 | |
| Spirit Lodge | 1 | |
160 total
» build order
00:07 Altar of Storms
00:19 Orc Burrow
00:35 War Mill
01:13 Voodoo Lounge
01:47 Watch Tower
02:26 Watch Tower
02:31 Watch Tower
02:45 Watch Tower
03:34 Stronghold
03:34 Stronghold
04:03 Watch Tower
04:04 Watch Tower
04:52 Orc Burrow
05:57 Beastiary
05:59 Beastiary
06:00 Fortress
06:15 Watch Tower
06:38 Voodoo Lounge
07:27 Great Hall
07:34 Watch Tower
07:34 Watch Tower
07:38 Watch Tower
08:34 Voodoo Lounge
08:47 Watch Tower
08:48 Watch Tower
09:23 Orc Burrow
09:31 Watch Tower
09:43 Voodoo Lounge
10:23 Watch Tower
10:24 Watch Tower
10:28 Watch Tower
10:29 Watch Tower
12:11 Watch Tower
12:21 Watch Tower
12:22 Watch Tower
12:23 Watch Tower
12:23 Watch Tower
12:23 Watch Tower
12:24 Watch Tower
12:47 Watch Tower
12:47 Watch Tower
12:48 Watch Tower
13:43 Watch Tower
13:44 Watch Tower
13:45 Watch Tower
14:08 Watch Tower
15:12 Watch Tower
17:04 Watch Tower
17:04 Watch Tower
18:25 Watch Tower
18:27 Watch Tower
19:48 Watch Tower
19:48 Watch Tower
19:53 Watch Tower
19:53 Watch Tower
21:25 Watch Tower
21:25 Watch Tower
21:25 Watch Tower
21:26 Watch Tower
25:48 Watch Tower
25:49 Watch Tower
25:49 Watch Tower
25:50 Watch Tower
25:51 Watch Tower
25:53 Watch Tower
26:25 Watch Tower
26:53 Watch Tower
26:53 Watch Tower
26:57 Watch Tower
26:58 Watch Tower
27:29 Watch Tower
27:32 Watch Tower
29:04 Watch Tower
29:10 Watch Tower
29:10 Watch Tower
29:12 Watch Tower
29:13 Watch Tower
29:15 Watch Tower
29:16 Watch Tower
30:18 Great Hall
30:23 Great Hall
30:48 Watch Tower
30:52 Watch Tower
30:52 Watch Tower
30:53 Watch Tower
31:31 Orc Burrow
31:32 Orc Burrow
31:32 Orc Burrow
31:33 Orc Burrow
31:35 Altar of Storms
31:57 Watch Tower
31:58 Watch Tower
31:59 Watch Tower
32:01 Watch Tower
32:02 Watch Tower
32:02 Watch Tower
32:03 Watch Tower
32:06 Watch Tower
32:42 Voodoo Lounge
32:48 Beastiary
32:50 Beastiary
32:55 Beastiary
32:57 Beastiary
33:20 Watch Tower
33:24 Watch Tower
33:24 Watch Tower
33:25 Watch Tower
33:26 Watch Tower
33:32 Orc Burrow
34:14 Watch Tower
34:15 Watch Tower
34:15 Watch Tower
34:31 War Mill
35:08 Watch Tower
35:17 Stronghold
35:38 Watch Tower
35:39 Watch Tower
35:39 Watch Tower
35:40 Watch Tower
35:43 Watch Tower
37:22 Orc Burrow
37:27 Watch Tower
37:27 Watch Tower
37:39 Fortress
37:39 Fortress
37:51 Watch Tower
37:52 Watch Tower
37:54 Watch Tower
37:54 Watch Tower
37:55 Watch Tower
38:33 Watch Tower
38:34 Watch Tower
38:34 Watch Tower
38:40 Watch Tower
38:42 Watch Tower
38:43 Watch Tower
39:03 Watch Tower
39:04 Watch Tower
40:00 Watch Tower
40:10 Watch Tower
40:11 Watch Tower
42:41 Watch Tower
42:43 Watch Tower
42:46 Watch Tower
42:55 Watch Tower
53:39 Watch Tower
53:39 Watch Tower
53:40 Watch Tower
53:41 Watch Tower
54:49 Watch Tower
54:50 Watch Tower
54:50 Watch Tower
54:56 Watch Tower
54:57 Watch Tower
62:06 Spirit Lodge
62:11 Watch Tower
62:11 Watch Tower
62:31 Orc Burrow
62:33 Orc Burrow
» items
| Healing Salve | 6 | |
| Lesser Clarity Potion | 14 | |
| Boots of Speed | 1 | |
| Staff of Teleportation | 1 | |
| Orb of Lightning | 1 | |
| Scroll of Town Portal | 2 | |
| Potion of Healing | 2 | |
| Mechanical Critter | 4 | |
31 total
Chat log
(00:21 / Allies) BrianGorpbane: myliege cyrus is such a classic name
(00:36 / Allies) BrianGorpbane: huh
(00:40 / Allies) BrianGorpbane: yes
(01:15 / All) US-East-Name: hi
(01:20 / All) CBRT: hi
(01:25 / All) US-East-Name: have a great game
(01:32 / All) CBRT: thx
(02:09 / Allies) BrianGorpbane: got him
(02:12 / Allies) BrianGorpbane: got bandy
(02:54 / Allies) BrianGorpbane: getting gorped
(03:26 / Allies) BrianGorpbane: 1hp grunt
(03:28 / Allies) BrianGorpbane: far seer
(04:28 / Allies) BrianGorpbane: got a tangy
(04:47 / Allies) BrianGorpbane: tower me
(05:03 / All) myliege_cyrus: red
(05:04 / Allies) BrianGorpbane: coming back
(05:05 / Allies) BrianGorpbane: with tangy
(05:38 / Allies) BrianGorpbane: no xp given tho
(05:39 / Allies) BrianGorpbane: 2 dead heroes
(06:42 / All) myliege_cyrus: red
(06:45 / All) myliege_cyrus: stop this
(07:01 / All) myliege_cyrus: you are not accomplishing anything
(07:38 / Allies) BrianGorpbane: ned help
(07:40 / Allies) BrianGorpbane: at my base
(08:15 / Allies) BrianGorpbane: jazuk]
(08:16 / Allies) BrianGorpbane: kazil
(08:51 / All) myliege_cyrus: CBRT
(08:53 / All) myliege_cyrus: stop being a noob
(09:03 / All) CBRT: shut the fuck up
(09:13 / All) myliege_cyrus: well why aren't you playing in a reasonable manner
(09:17 / All) myliege_cyrus: that would help your team win?
(11:04 / Allies) BrianGorpbane: what
(11:05 / Allies) BrianGorpbane: are you talking about
(11:36 / Allies) BrianGorpbane: brandis
(12:48 / All) myliege_cyrus: CBRT
(12:50 / All) myliege_cyrus: your fiend
(12:52 / All) myliege_cyrus: it died
(13:09 / All) CBRT: lol
(13:12 / Allies) BrianGorpbane: go kazil ?
(13:48 / Allies) BrianGorpbane: building more wisps lost a few
(13:55 / All) CBRT: LOL
(14:03 / All) myliege_cyrus: yeah you're laughable
(14:15 / Allies) BrianGorpbane: dont know
(14:38 / All) CBRT: OLOL
(15:13 / Allies) BrianGorpbane: could use towers at my spo
(15:19 / Allies) BrianGorpbane: here to tangle
(15:53 / Allies) BrianGorpbane: my house in trouble
(18:11 / Allies) BrianGorpbane: should i make any units
(18:13 / Allies) BrianGorpbane: i have mad money
(19:17 / Allies) BrianGorpbane: coming for kazil
(19:19 / Allies) BrianGorpbane: he can see you
(19:24 / Allies) BrianGorpbane: sh
(19:26 / Allies) BrianGorpbane: ok
(20:25 / Allies) BrianGorpbane: rofl
(20:47 / All) US-East-Name: why no bolt from the blue?
(22:07 / Allies) BrianGorpbane: my base again lol
(22:54 / Allies) BrianGorpbane: need igygg
(23:44 / All) US-East-Name: yikes guys
(23:45 / Allies) BrianGorpbane: kazil
(23:46 / All) US-East-Name: you're bad
(24:23 / All) myliege_cyrus: red your unoits
(28:27 / All) myliege_cyrus: bad idea blue
(28:28 / All) myliege_cyrus: noob
(28:35 / All) myliege_cyrus: LOL RED NOOB
(28:56 / All) US-East-Name: lol
(28:59 / All) US-East-Name: guys
(29:00 / All) US-East-Name: stop this
(29:16 / All) myliege_cyrus: Imagine instead of cbrt you had a real player
(29:36 / All) myliege_cyrus: you had a tp
(29:38 / All) myliege_cyrus: Cbrt
(29:40 / All) myliege_cyrus: you had a tp
(29:42 / All) myliege_cyrus: why not use???
(29:43 / All) myliege_cyrus: too fat+
(29:53 / All) myliege_cyrus: nope, can't kill my am..
(30:42 / Allies) BrianGorpbane: i just want my alch to be big and strong
(31:01 / Allies) BrianGorpbane: finishing my camp then coming
(33:35 / Allies) BrianGorpbane: claws here tyler
(34:17 / Allies) BrianGorpbane: wyrms being made
(38:18 / Allies) BrianGorpbane: i can staff in a sec
(38:19 / Allies) BrianGorpbane: need xp too
(38:20 / Allies) BrianGorpbane: on niffy
(39:07 / Allies) BrianGorpbane: leave me a few trees up here somewhere
(39:54 / Allies) BrianGorpbane: xp
(41:45 / Allies) BrianGorpbane: who are you telling this
(42:18 / Allies) BrianGorpbane: up top too
(43:54 / All) US-East-Name: from?
(44:23 / All) myliege_cyrus: hey CBRT
(44:26 / All) myliege_cyrus: biggest noob in the game
(44:34 / All) myliege_cyrus: have you heard of the "Upkeep" mechanic??
(44:47 / Allies) BrianGorpbane: yeah
(44:49 / Allies) BrianGorpbane: thats what i want
(44:51 / Allies) BrianGorpbane: for those worms
(44:56 / Allies) BrianGorpbane: well then id ont need it if you do that
(44:57 / Allies) BrianGorpbane: haha
(45:10 / Allies) BrianGorpbane: that would be cool
(45:12 / Allies) BrianGorpbane: up to you
(45:20 / Allies) BrianGorpbane: if i get it i get it
(45:47 / Allies) BrianGorpbane: just going 100 dotts
(45:49 / Allies) BrianGorpbane: with a few chimbo
(46:50 / Allies) BrianGorpbane: someone else take this pendant then
(49:55 / Allies) BrianGorpbane: 92 cant make any more
(49:55 / Allies) BrianGorpbane: damn
(51:10 / Allies) BrianGorpbane: do we have dhawk ?
(52:23 / All) US-East-Name: guys where are you from? asl?
(54:54 / Allies) BrianGorpbane: solid snake heading to bottom left
(54:56 / Allies) BrianGorpbane: to be a staff point
(55:22 / Allies) BrianGorpbane: the tower is a bit hurt
(55:31 / Allies) BrianGorpbane: wow
(55:33 / Allies) BrianGorpbane: so inredibly late
(57:39 / Allies) BrianGorpbane: this FFed
(57:43 / Allies) BrianGorpbane: so you can track em
(59:53 / Allies) BrianGorpbane: transmute achieved
(60:01 / Allies) BrianGorpbane: burrows n peons
(61:41 / Allies) BrianGorpbane: another knight in a sec
(63:04 / Allies) BrianGorpbane: to my tree on left oops
(63:04 / Allies) BrianGorpbane: haha
(63:43 / Allies) BrianGorpbane: i love how they're staying in this game haha
(63:47 / All) US-East-Name: hhey
(63:49 / All) US-East-Name: can you pause?
(63:54 / Allies) BrianGorpbane: i think i need the pendant on niffy actually
(64:18 / Allies) BrianGorpbane: where is pendant
(64:28 / Allies) BrianGorpbane: ok
(65:04 / Allies) BrianGorpbane: ah that's where they are
(65:07 / Allies) BrianGorpbane: i want a frosty
(65:18 / Allies) BrianGorpbane: raiders are scary ish
(65:54 / Allies) BrianGorpbane: is my transmute gold reduced by upkeep?
(66:28 / All) myliege_cyrus: gold well spent
(66:33 / All) US-East-Name: guys
(66:40 / All) US-East-Name: stop doing that stuff
(66:40 / All) myliege_cyrus: what's he going to do with that main
(66:42 / All) US-East-Name: the bad stuff
(66:45 / All) myliege_cyrus: resurrect the lich????
(67:00 / All) myliege_cyrus: nothing CBRT does has helped you this game
(67:10 / All) myliege_cyrus: if he weren't here you could have used his gold for something good
(68:45 / All) US-East-Name: good luck
(69:17 / All) US-East-Name: lol
(69:19 / All) myliege_cyrus: very bad micro by red
(70:21 / All) myliege_cyrus: ICY HOT FIRE
(70:30 / Allies) BrianGorpbane: where are wyrms? bot left?
(70:39 / Allies) BrianGorpbane: when
(70:41 / Allies) BrianGorpbane: shit i went afk a sec
(70:43 / Allies) BrianGorpbane: did they storm in
(71:01 / All) CBRT: such a shame to loose so unmannered players
(71:06 / All) US-East-Name: https://highper.ch/
(71:14 / All) BrianGorpbane: shame to win against such bad players
(71:18 / All) CBRT: lol
(71:20 / All) US-East-Name: i believe you said "shut the fuck up" in about minute 6 so who's mannered again??
(71:27 / All) myliege_cyrus: it would have been better if you won the game I agree
(71:37 / All) US-East-Name: what's your apm red
(71:41 / All) myliege_cyrus: so why did you play like a big idiot frog the entire game
(71:44 / All) myliege_cyrus: instead of winning
(71:46 / All) CBRT: does it matter?
(71:53 / All) US-East-Name: yes
(72:00 / All) CBRT: let's play on another map
(72:05 / All) US-East-Name: lol
(72:05 / All) myliege_cyrus: deal
(72:05 / All) CBRT: without islands
(72:07 / All) BrianGorpbane: yes how about (6)highperch.w3x
(72:09 / All) myliege_cyrus: pick a map
(72:14 / All) BrianGorpbane: tell your friends to search again